 Dungeon Crawl Stone Soup version 0.28-b1-25-g9875b3fc8c (webtiles) character file.

Game seed: 15219728240029350121

49 growler the Gusty (level 3, -6/19 HPs)
             Began as a Tengu Air Elementalist on Feb 1, 2022.
             Mangled by a gnoll (13 damage)
             ... on level 2 of the Dungeon.
             The game lasted 00:04:30 (2228 turns).

growler the Gusty (Tengu Air Elementalist)          Turns: 2228, Time: 00:04:30

Health: -6/19      AC:  2    Str:  8    XL:     3   Next: 77%
Magic:  7/7        EV: 12    Int: 17    God:
Gold:   51         SH:  0    Dex: 14    Spells: 1/7 levels left

rFire   . . .      SeeInvis .   (no weapon)
rCold   + . .      Faith    .   (no shield)
rNeg    . . .      Spirit   .   a - +0 robe
rPois   .          Reflect  .   (helmet restricted)
rElec   .          Harm     .   (no cloak)
rCorr   .          Rampage  .   (no gloves)
Will    .....                   (boots unavailable)
Stlth   ++........              (no amulet)
HPRegen 0.06/turn               o - ring of protection from cold
MPRegen 0.10/turn               (no ring)

@: no status effects
A: beak, talons 3
a: no special abilities


You were on level 2 of the Dungeon.
You visited 1 branch of the dungeon, and saw 2 of its levels.

You collected 51 gold pieces.

Inventory:

Armour
 a - a +0 robe (worn)
Jewellery
 o - a ring of protection from cold (left hand)
   (You found it on level 1 of the Dungeon)
Scrolls
 c - a scroll of brand weapon {unknown}
 f - a scroll of magic mapping {unknown}
 g - a scroll of noise {unknown}
 h - a scroll of fear {unknown}
Potions
 b - a potion of brilliance {unknown}
 d - a potion of invisibility {unknown}
 e - a potion of heal wounds {unknown}


   Skills:
 - Level 2.1 Dodging
 - Level 2.0 Stealth
 + Level 2.6 Spellcasting
 + Level 2.9 Conjurations
 + Level 4.8 Air Magic


You had one spell level left.
You knew the following spells:

 Your Spells              Type           Power      Damage    Failure   Level
a - Shock                 Conj/Air       60%        1d6       3%          1
d - Static Discharge      Conj/Air       15%        N/A       5%          2
s - Swiftness             Air            18%        N/A       8%          3

Your spell library contained the following spells:

 Spells                   Type           Power      Damage    Failure   Level
 Airstrike                Air            9%         N/A       26%         4


Dungeon Overview and Level Annotations

Branches:
Dungeon (2/15)

Altars:

Shops:
D:1 *


Innate Abilities, Weirdness & Mutations

You have a beak for a mouth.
You have claws for feet.


Message History

You hit the bat but do no damage. The bat closely misses you. x2
The bat hits you but does no damage. The bat hits you but does no damage.
You closely miss the bat. Your kick misses the bat.
The bat hits you but does no damage.
The zap hits the bat.
You kill the bat!
There is an open door here.
Found a short sword.
Found a stone staircase leading up and a stone staircase leading down.
Found 12 bolts.
Things that are here:
a +0 club; a goblin corpse
Found a scroll labelled LURABL VENOEF.
h - a scroll labelled LURABL VENOEF
Found an escape hatch in the ceiling. 3 gnolls come into view.
The gnoll shouts!
A quokka comes into view.
Aim: a gnoll, wielding a +0 halberd (75% to hit)
The zap hits the gnoll.
Aim: a gnoll, wielding a +0 halberd (moderately wounded, 75% to hit)
The zap hits the gnoll.
Aim: a gnoll, wielding a +0 halberd (heavily wounded, 75% to hit)
The zap misses the gnoll.
Aim: a gnoll, wielding a +0 halberd (heavily wounded, 75% to hit)
The zap hits the gnoll.
The gnoll completely misses you.
Aim: a gnoll, wielding a +0 halberd (heavily wounded, 75% to hit)
You miscast Shock.
You are very lightly contaminated with residual magic.
Nothing appears to happen.
The gnoll hits you from afar with a +0 halberd!
Ouch! That really hurt!
* * * LOW HITPOINT WARNING * * *
The gnoll closely misses you.
Your magical contamination has completely faded away.
The gnoll shouts!
You hear a shout!
There is a stone staircase leading up here.
You climb upwards.
There is a stone staircase leading down here.
You start resting.
You start resting.
You climb downwards.
The gnoll hits you from afar with a +0 halberd!
Ouch! That really hurt!
* * * LOW HITPOINT WARNING * * *
There is a stone staircase leading up, spattered with blood here.
The gnoll hits you with a +0 halberd!
Ouch! That really hurt!
You die...

........#.†......#gg...#
........#........#...r.#
........#........+
........#........# g.
........##########....
...........g.......#
...........###.#######
....>......##...g....#
.......[...##...@...)#
#############..<.....#
#.......[# #........#
##.####### #.# #.# #.#
#.


You could see a gnoll.

Vanquished Creatures
  A worm (D:2)
  3 bats
  4 endoplasms (D:1)
  3 giant cockroaches (D:1)
  5 goblins
  6 hobgoblins
  2 jackals (D:1)
  4 quokkas
  3 ball pythons (D:1)
  3 frilled lizards
  3 kobolds (D:1)
  5 rats
42 creatures vanquished.

Notes
Turn   | Place    | Note
-------+----------+-------------------------------------------
     0 | D:1      | growler the Tengu Air Elementalist began the quest for the
                  | Orb.
     0 | D:1      | Reached XP level 1. HP: 10/10 MP: 4/4
   363 | D:1      | Reached XP level 2. HP: 10/15 MP: 0/6
   460 | D:1      | Learned a level 2 spell: Static Discharge
   796 | D:1      | Reached XP level 3. HP: 19/19 MP: 1/7
   800 | D:1      | Learned a level 3 spell: Swiftness
  1203 | D:1      | Found Sucsagatz's Assorted Antiques.
  2228 | D:2      | Mangled by a gnoll

Illustrated notes

Levels and vault maps discovered:
D:1:      minmay_arrival_jagged, layout_basic, serial_shops,
          nicolae_shop_overgrown_old_shop, minmay_misc_feat_doors
D:2:      layout_basic, st_stairs_1, minivault_25

Skill      XL: |  1  2 |
---------------+-------+-----
Conjurations   | 2 |  2.9
Dodging        | |  2.1
Stealth        | |  2.0
Spellcasting   | |  2.6
Air Magic      | |  4.8

Action                   || total
-------------------------++-------
Melee: Unarmed           ||    15
       Kick              ||     4
       Peck              ||     1
 Cast: Shock             ||    86
Armor: Robe              ||    11
Dodge: Dodged            ||    20
